Dernière mise à jour: 2025-12-07 16:11:59
% Time on Ice - SASKATOON DUCKS
Lines # - Real PCT - Wanted PCT - Time Play
Normal Forward
1 - 33% - 36% - 16:28
2 - 31% - 31% - 15:35
3 - 24% - 23% - 12:15
4 - 12% - 10% - 5:47
Normal Defense
1 - 39% - 43% - 19:18
2 - 33% - 35% - 16:36
3 - 28% - 22% - 14:11
4 - 0% - 0% - 0:00
PP Forward
1 - 48% - 55% - 2:53
2 - 52% - 45% - 3:04
PP Defense
1 - 49% - 55% - 2:54
2 - 51% - 45% - 3:03
PK Forward
1 - 61% - 55% - 2:26
2 - 39% - 45% - 1:32
PK Defense
1 - 72% - 55% - 2:52
2 - 28% - 45% - 1:06
PK3 Forward
1 - 0% - 55%
2 - 0% - 45%
PK3 Defense
1 - 0% - 55%
2 - 0% - 45%
44 Forward
1 - 0% - 55%
2 - 0% - 45%
44 Defense
1 - 0% - 55%
2 - 0% - 45%
Last Minute Offensive  - 0:00
Last Minute Defensive  - 0:00
Total
Forward - 60:00
Defense - 60:00
% Time on Ice - TEXAS TOROS
Lines # - Real PCT - Wanted PCT - Time Play
Normal Forward
1 - 33% - 36% - 16:45
2 - 30% - 31% - 15:11
3 - 23% - 23% - 11:39
4 - 13% - 10% - 6:30
Normal Defense
1 - 34% - 36% - 16:51
2 - 35% - 31% - 17:25
3 - 26% - 23% - 12:48
4 - 6% - 10% - 3:01
PP Forward
1 - 45% - 55% - 1:48
2 - 55% - 45% - 2:10
PP Defense
1 - 55% - 55% - 2:11
2 - 45% - 45% - 1:47
PK Forward
1 - 62% - 55% - 3:41
2 - 38% - 45% - 2:16
PK Defense
1 - 51% - 55% - 3:03
2 - 49% - 45% - 2:54
PK3 Forward
1 - 0% - 55%
2 - 0% - 45%
PK3 Defense
1 - 0% - 55%
2 - 0% - 45%
44 Forward
1 - 0% - 55%
2 - 0% - 45%
44 Defense
1 - 0% - 55%
2 - 0% - 45%
Last Minute Offensive  - 0:00
Last Minute Defensive  - 0:00
Total
Forward - 60:00
Defense - 60:00
Play-by-Play 1st period 0:01 of 1st period - Sidney Crosby wins face-off versus Troy Terry in neutral zone. 1:09 of 1st period - Shot by Yegor Chinakhov. 1:09 of 1st period - Goal by Yegor Chinakhov - SASKATOON DUCKS : 0 - TEXAS TOROS : 1. 1:10 of 1st period - Kevin Hayes wins face-off versus Mathieu Joseph in neutral zone. 1:24 of 1st period - Isaak Phillips is hit by Mathieu Joseph. 1:34 of 1st period - Shot by Robert Fabbri. 1:34 of 1st period - Stopped by Philipp Grubauer without a rebound. 1:35 of 1st period - Ryan Poehling wins face-off versus Ivan Barbashev in TEXAS TOROS zone. 1:35 of 1st period - Ryan Poehling is hit by Ivan Barbashev. 1:46 of 1st period - Shot by Yegor Chinakhov. 1:46 of 1st period - Stopped by Tristan Jarry without a rebound. 1:47 of 1st period - Kasperi Kapanen wins face-off versus Logan Cooley in SASKATOON DUCKS zone. 1:54 of 1st period - Shot by Kasperi Kapanen. 1:54 of 1st period - Shot Misses the Net. 3:33 of 1st period - Shot by Cam Atkinson. 3:33 of 1st period - Stopped by Philipp Grubauer without a rebound. 3:34 of 1st period - Troy Terry wins face-off versus Sidney Crosby in TEXAS TOROS zone. 3:34 of 1st period - Troy Terry is hit by Jordan Staal. 3:52 of 1st period - Shot by Sidney Crosby. 3:52 of 1st period - Stopped by Philipp Grubauer without a rebound. 3:53 of 1st period - Kevin Hayes wins face-off versus Mathieu Joseph in TEXAS TOROS zone. 3:53 of 1st period - Kevin Hayes is hit by Mathieu Joseph. 4:05 of 1st period - Owen Power is hit by Robert Fabbri and loses puck. 4:39 of 1st period - Icing by Ben Chiarot. 4:40 of 1st period - Mathieu Joseph wins face-off versus Troy Terry in SASKATOON DUCKS zone. 5:12 of 1st period - Shot by Ivan Barbashev. 5:12 of 1st period - Stopped by Philipp Grubauer without a rebound. 5:13 of 1st period - Ryan Poehling wins face-off versus Sidney Crosby in TEXAS TOROS zone. 5:24 of 1st period - Shot by Jordan Staal. 5:24 of 1st period - Shot Misses the Net. 5:26 of 1st period - Shot by Jake Guentzel. 5:26 of 1st period - Shot Misses the Net. 5:39 of 1st period - Sidney Crosby is hit by Dougie Hamilton and loses puck. 5:52 of 1st period - Shot by Sidney Crosby. 5:52 of 1st period - Shot Blocked by Ryan Poehling. 6:14 of 1st period - Shot by Ondrej Palat. 6:14 of 1st period - Shot Blocked by Tyson Barrie. 6:16 of 1st period - Shot by Ivan Barbashev. 6:16 of 1st period - Shot Misses the Net. 6:23 of 1st period - Icing by Tyson Barrie. 6:24 of 1st period - Ryan Poehling wins face-off versus Kasperi Kapanen in TEXAS TOROS zone. 6:24 of 1st period - Ryan Poehling is hit by Milan Lucic. 6:45 of 1st period - Kailer Yamamoto is hit by Tyson Barrie and loses puck. 7:17 of 1st period - Yegor Chinakhov is hit by Ivan Barbashev. 8:37 of 1st period - Shot by Jake Guentzel. 8:37 of 1st period - Shot Blocked by Mikhail Sergachev. 8:49 of 1st period - Shot by Troy Terry. 8:49 of 1st period - Stopped by Tristan Jarry without a rebound. 8:50 of 1st period - Kevin Hayes wins face-off versus Robert Fabbri in SASKATOON DUCKS zone. 8:50 of 1st period - Bobby Brink is hit by Ben Chiarot and loses puck. 9:17 of 1st period - Shot by Cam Atkinson. 9:17 of 1st period - Goal by Cam Atkinson - SASKATOON DUCKS : 1 - TEXAS TOROS : 1. 9:18 of 1st period - Ivan Barbashev wins face-off versus Logan Cooley in neutral zone. 9:29 of 1st period - Shot by Ondrej Palat. 9:29 of 1st period - Stopped by Philipp Grubauer without a rebound. 9:30 of 1st period - Sidney Crosby wins face-off versus Troy Terry in TEXAS TOROS zone. 9:49 of 1st period - Shot by Jake Guentzel. 9:49 of 1st period - Deflect By Sidney Crosby. 9:49 of 1st period - Goal by Sidney Crosby - SASKATOON DUCKS : 2 - TEXAS TOROS : 1. 9:50 of 1st period - Kevin Hayes wins face-off versus Ivan Barbashev in neutral zone. 9:53 of 1st period - Shot by Bobby Brink. 9:53 of 1st period - Stopped by Tristan Jarry with a rebound. 10:03 of 1st period - Shot by Ivan Barbashev. 10:03 of 1st period - Stopped by Philipp Grubauer without a rebound. 10:04 of 1st period - Sidney Crosby wins face-off versus Troy Terry in TEXAS TOROS zone. 10:13 of 1st period - Icing by T.J. Brodie. 10:14 of 1st period - Sidney Crosby wins face-off versus Kevin Hayes in SASKATOON DUCKS zone. 10:16 of 1st period - Icing by Jake Guentzel. 10:17 of 1st period - Sidney Crosby wins face-off versus Tyson Foerster in SASKATOON DUCKS zone. 10:32 of 1st period - Shot by Sidney Crosby. 10:32 of 1st period - Stopped by Philipp Grubauer without a rebound. 10:33 of 1st period - Kevin Hayes wins face-off versus Mathieu Joseph in TEXAS TOROS zone. 10:37 of 1st period - Off-side. 10:38 of 1st period - Troy Terry wins face-off versus Ondrej Palat in neutral zone. 10:44 of 1st period - Tyson Foerster is hit by T.J. Brodie and loses puck. 10:57 of 1st period - Owen Power is hit by Ondrej Palat and loses puck. 11:11 of 1st period - Mikhail Sergachev is hit by Jake Sanderson and loses puck. 11:13 of 1st period - Minor Penalty to T.J. Brodie for High sticking. 11:14 of 1st period - Ryan Poehling wins face-off versus Sidney Crosby in SASKATOON DUCKS zone. 11:36 of 1st period - Icing by Dougie Hamilton. 11:37 of 1st period - Sidney Crosby wins face-off versus Ryan Poehling in TEXAS TOROS zone. 12:27 of 1st period - Shot by Troy Terry. 12:27 of 1st period - Stopped by Tristan Jarry without a rebound. 12:28 of 1st period - Troy Terry wins face-off versus Sidney Crosby in SASKATOON DUCKS zone. 12:41 of 1st period - Shot by Owen Power. 12:41 of 1st period - Stopped by Tristan Jarry with a rebound. 12:43 of 1st period - Shot by Tyson Foerster. 12:43 of 1st period - Stopped by Tristan Jarry with a rebound. 12:45 of 1st period - Shot by Troy Terry. 12:45 of 1st period - Stopped by Tristan Jarry with a rebound. 12:47 of 1st period - Shot by Troy Terry. 12:47 of 1st period - Deflect By Tyson Foerster. 12:47 of 1st period - Stopped by Tristan Jarry without a rebound. 12:48 of 1st period - Sidney Crosby wins face-off versus Ryan Poehling in SASKATOON DUCKS zone. 13:11 of 1st period - Shot by Mikhail Sergachev. 13:11 of 1st period - Stopped by Tristan Jarry without a rebound. 13:12 of 1st period - Troy Terry wins face-off versus Mathieu Joseph in SASKATOON DUCKS zone. 13:13 of 1st period - Shot by Danton Heinen. 13:13 of 1st period - Shot Blocked by Ben Chiarot. 14:00 of 1st period - Cam Atkinson is hit by Isaak Phillips and loses puck. 14:21 of 1st period - Shot by Cam Atkinson. 14:21 of 1st period - Shot Misses the Net. 14:55 of 1st period - Shot by Sidney Crosby. 14:55 of 1st period - Shot Blocked by Isaak Phillips. 14:57 of 1st period - Shot by Jake Guentzel. 14:57 of 1st period - Shot Misses the Net. 14:59 of 1st period - Shot by Emil Martinsen Lilleberg. 14:59 of 1st period - Stopped by Philipp Grubauer without a rebound. 15:00 of 1st period - Troy Terry wins face-off versus Kasperi Kapanen in TEXAS TOROS zone. 15:41 of 1st period - Shot by Tyson Foerster. 15:41 of 1st period - Stopped by Tristan Jarry without a rebound. 15:42 of 1st period - Ryan Poehling wins face-off versus Sidney Crosby in SASKATOON DUCKS zone. 15:45 of 1st period - Shot by Yegor Chinakhov. 15:45 of 1st period - Stopped by Tristan Jarry with a rebound. 15:47 of 1st period - Shot by Ryan Poehling. 15:47 of 1st period - Shot Misses the Net. 16:05 of 1st period - Shot by Jake Guentzel. 16:05 of 1st period - Shot Misses the Net. 16:13 of 1st period - Jake Guentzel is hit by Taylor Raddysh and loses puck. 16:34 of 1st period - Shot by Brandon Duhaime. 16:34 of 1st period - Shot Misses the Net. 16:48 of 1st period - Shot by Mikhail Sergachev. 16:48 of 1st period - Shot Misses the Net. 17:24 of 1st period - Icing by Jake Guentzel. 17:25 of 1st period - Sidney Crosby wins face-off versus Troy Terry in SASKATOON DUCKS zone. 17:25 of 1st period - Sidney Crosby is hit by Troy Terry. 17:35 of 1st period - Shot by Troy Terry. 17:35 of 1st period - Stopped by Tristan Jarry without a rebound. 17:36 of 1st period - Ryan Poehling wins face-off versus Ivan Barbashev in SASKATOON DUCKS zone. 18:57 of 1st period - Samuel Girard is hit by Tyson Foerster and loses puck. 19:39 of 1st period - Kevin Hayes is hit by Jake Sanderson and loses puck. Goals for this period are 2 for SASKATOON DUCKS vs 1 for TEXAS TOROS. Shots for this period are 10 for SASKATOON DUCKS vs 13 for TEXAS TOROS. 2nd period 0:01 of 2nd period - Troy Terry wins face-off versus Sidney Crosby in neutral zone. 0:11 of 2nd period - Shot by Jake Guentzel. 0:11 of 2nd period - Stopped by Philipp Grubauer with a rebound. 0:13 of 2nd period - Shot by T.J. Brodie. 0:13 of 2nd period - Deflect By Jake Guentzel. 0:13 of 2nd period - Shot Blocked by Mikhail Sergachev. 0:31 of 2nd period - Shot by Jake Guentzel. 0:31 of 2nd period - Goal by Jake Guentzel - SASKATOON DUCKS : 3 - TEXAS TOROS :